Map: [ESL] Gresvan

Players

Reynor - Winner!

  • Race: Zerg Zerg
  • Spawn Location: 11:00

ByuN

  • Race: Terran Terran
  • Spawn Location: 5:00

Event: ESL SC2 Masters 2023 Summer (Finals)

VOD

Have the link to the VOD?

Description

Time

  • Played on: June 18, 2023, 8:32 a.m.
  • Length: 8:40

All games in this series

Show
View Real Time Build Order
Export as new Build Order

Reynor Zerg - Winner!

Build Orders: Pool First, Zergling Baneling 

Get SALT Encoding   

  12  0:00  Drone  
  13  0:11  Overlord  
  13  0:16  Drone  
  14  0:30  Drone x2  
  14  0:34  Drone  
  17  0:44  Drone  
  17  0:45  Extractor  
  17  0:49  Spawning Pool  
  16  0:55  Drone  
  17  1:05  Drone  
  18  1:19  Hatchery  
  18  1:22  Drone  
  18  1:35  Queen  
  18  1:38  Overlord  
  20  1:46  Metabolic Boost  
  20  1:49  Zergling x2  
  20  1:53  Drone  
  22  2:00  Zergling x2  
  23  2:11  Queen, Drone  
  26  2:21  Zergling x2  
  27  2:31  Zergling x2  
  27  2:32  Zergling x2  
  29  2:43  Baneling Nest  
  28  2:44  Zergling x8  
  32  2:53  Overlord  
  32  2:55  Zergling x2  
  33  3:03  Zergling x2  
  34  3:07  Zergling x2  
  35  3:15  Zergling x6  
  38  3:21  Zergling x8  
  42  3:32  Baneling x8  
  42  3:37  Baneling x2  
  42  3:38  Zergling x2  
  43  3:41  Zergling x2  
  43  3:48  Baneling  
  44  3:50  Overlord  
  44  3:54  Zergling x2  
  41  4:02  Zergling x4  
  37  4:04  Zergling x2  
  37  4:06  Zergling x2  
  35  4:11  Drone  
  35  4:13  Drone  
  35  4:15  Drone  
  38  4:20  Drone  
  38  4:23  Drone  
  40  4:25  Drone  
  40  4:29  Drone  
  42  4:31  Drone  
  43  4:43  Drone x4  
  47  4:55  Hatchery  
  47  4:57  Drone  
  47  5:01  Overlord  
  47  5:04  Drone  
  47  5:05  Drone  
  49  5:08  Drone x2  
  49  5:13  Evolution Chamber  
  49  5:14  Drone  
  51  5:19  Queen  
  53  5:23  Queen  
  53  5:25  Drone  
  56  5:30  Overlord  
  56  5:34  Drone  
  56  5:35  Drone x2  
  59  5:41  Zerg Ground Armor Level 1  
  59  5:43  Extractor  
  59  5:45  Overlord  
  59  5:46  Drone  
  60  5:50  Drone x3  
  60  5:52  Drone  
  60  5:55  Drone x2  
  65  5:59  Drone  
  66  6:04  Queen  
  66  6:09  Drone x2  
  66  6:10  Overlord  
  70  6:15  Drone  
  70  6:16  Lair  
  71  6:19  Drone  
  71  6:20  Drone  
  71  6:21  Drone  
  74  6:28  Zergling x8  
  74  6:31  Zergling x8  
  79  6:33  Queen  
  79  6:37  Zergling x2  
  79  6:39  Overlord  
  82  6:42  Zergling x2  
  82  6:43  Baneling x3  
  82  6:44  Baneling x3  
  83  6:47  Drone  
  83  6:50  Drone  
  83  6:53  Drone  
  86  6:57  Drone  
  88  7:01  Drone  
  88  7:03  Drone x4  
  88  7:04  Drone x2  
  88  7:05  Hatchery  
  93  7:09  Overlord  
  93  7:13  Zergling x6  
  96  7:15  Zergling x2  
  96  7:16  Zergling x2  
  96  7:17  Centrifugal Hooks  
  96  7:22  Overlord  
  97  7:24  Overlord  
  97  7:25  Extractor, Overlord  
  97  7:26  Extractor  
  95  7:30  Zergling x6  
  95  7:32  Baneling x6  
  95  7:33  Zergling x2  
  95  7:35  Overlord  
  99  7:42  Zergling x8  
  101  7:46  Queen x2  
  101  7:48  Zergling x4  
  101  7:49  Zergling x2  
  101  7:51  Zergling x2  
  100  7:52  Queen  
  100  7:54  Zergling x2  
  100  7:58  Zergling x2  
  88  7:59  Zergling x2  
  88  8:00  Zergling x6  
  91  8:06  Zergling x2  
  91  8:07  Zergling x4  
  91  8:10  Zergling x6  
  97  8:15  Spore Crawler  
  97  8:16  Zergling x2  
  97  8:20  Baneling x13  
  97  8:21  Baneling  
  97  8:22  Zergling x4  
Show
View Real Time Build Order
Export as new Build Order

ByuN Terran 

Build Orders:  

Get SALT Encoding   

  12  0:00  SCV  
  13  0:12  SCV  
  14  0:17  Supply Depot  
  14  0:24  SCV  
  15  0:38  SCV  
  15  0:40  Barracks  
  16  0:44  Refinery  
  16  0:51  SCV  
  17  1:00  Barracks  
  17  1:03  SCV  
  18  1:15  SCV  
  19  1:26  Reaper  
  19  1:27  Orbital Command  
  19  1:31  Supply Depot  
  20  1:48  Reaper  
  20  1:52  SCV  
  22  2:02  Reaper  
  22  2:05  SCV  
  24  2:15  Command Center  
  24  2:17  SCV  
  24  2:21  Barracks  
  25  2:27  Barracks Reactor  
  25  2:29  SCV  
  26  2:35  Barracks Tech Lab  
  26  2:41  SCV  
  26  2:42  Supply Depot  
  27  2:48  Barracks  
  27  2:53  SCV  
  27  2:54  Marine  
  29  3:05  Marine x2, SCV  
  32  3:09  Marine  
  32  3:11  Marine  
  34  3:17  Bunker  
  34  3:19  SCV  
  35  3:24  Marine x2  
  37  3:31  Orbital Command  
  37  3:32  Marine  
  38  3:36  Marine  
  38  3:39  SCV  
  38  3:40  Barracks Tech Lab  
  40  3:43  Marine x2  
  42  3:50  Marine  
  42  3:51  SCV  
  42  3:54  Marine  
  45  3:59  SCV  
  37  4:03  SCV  
  37  4:05  Marine  
  37  4:08  Marine  
  30  4:15  SCV  
  29  4:17  Stimpack  
  29  4:19  Orbital Command  
  29  4:23  Marine  
  26  4:27  SCV  
  26  4:28  Marine  
  28  4:39  Marine x2  
  28  4:41  SCV, Marine  
  32  4:46  Marine  
  32  4:50  Engineering Bay  
  32  4:52  Factory  
  33  4:56  SCV x2  
  33  4:57  Marine x2  
  33  4:59  Refinery  
  37  5:01  Supply Depot  
  38  5:09  SCV, Barracks Reactor  
  38  5:16  Terran Infantry Weapons Level 1  
  38  5:22  Marine, Barracks Reactor, SCV  
  38  5:23  SCV  
  38  5:27  Supply Depot  
  41  5:31  Marine  
  42  5:37  Starport  
  42  5:43  SCV, Factory Reactor  
  42  5:48  Orbital Command  
  43  5:50  Marine x2  
  43  5:51  Marine  
  43  5:53  Marine  
  43  5:56  SCV  
  48  6:00  Supply Depot  
  48  6:01  Marine x2  
  48  6:02  Combat Shield  
  50  6:08  SCV  
  51  6:12  Marine  
  51  6:13  Marine  
  51  6:14  SCV  
  54  6:21  Supply Depot  
  54  6:24  SCV  
  55  6:26  SCV  
  55  6:28  Supply Depot  
  55  6:29  Marine x2  
  55  6:30  Marine x2  
  55  6:32  Marine  
  60  6:33  Marine  
  62  6:45  Supply Depot  
  62  6:49  SCV x2, Medivac x2  
  62  6:51  Supply Depot  
  68  6:54  Marine x2, Factory Tech Lab  
  68  6:58  Refinery  
  70  7:02  Barracks Reactor, Supply Depot  
  70  7:06  Marine x3, SCV x2  
  75  7:14  Marine x2, Supply Depot  
  77  7:19  SCV x2, Siege Tank  
  82  7:24  Marine x3  
  82  7:27  Refinery  
  85  7:31  SCV x2  
  85  7:32  Marine x2  
  89  7:37  Supply Depot  
  89  7:42  Marine x4  
  90  7:46  Marine  
  90  7:48  SCV x2  
  90  7:49  Marine  
  78  7:52  Marine  
  55  7:59  Marine  
  55  8:00  Marine  
  59  8:09  Marine x2  
  59  8:10  Marine  
  59  8:12  Marine x2  
  61  8:17  Marine  
  61  8:18  Marine  
Tags
 
Add a new tag
Caveats
  • Supply blocks, unpowered buildings, or Contaminate may cause inaccurate times.
  • Supply counts are checked every 10 seconds.